 Dungeon Crawl Stone Soup version 0.25-a0-105-g2289b3b9f1 (webtiles) character file.

Game seed: 12632590629689783528, levelgen mode: deterministic

16 Alarkh the Skirmisher (level 2, 23/24 HPs)
             Began as a Demonspawn Fighter on Nov 16, 2019.
             Got out of the dungeon alive.
             The game lasted 00:00:22 (225 turns).

Alarkh the Skirmisher (Demonspawn Fighter)           Turns: 225, Time: 00:00:22

Health: 23/24      AC:  6    Str: 16    XL:     2   Next: 41%
Magic:  2/2        EV:  6    Int:  9    God:
Gold:   18         SH:  8    Dex: 12    Spells: 1/1 levels left

rFire    . . .     SeeInvis .   a - +0 long sword
rCold    . . .     Gourm    .   c - +0 shield
rNeg     . . .     Faith    .   b - +0 scale mail
rPois    .         Spirit   .   (helmet restricted)
rElec    .         Reflect  .   (no cloak)
rCorr    .         Harm     .   (no gloves)
MR       .....                  (no boots)
Stlth    ..........             (no amulet)
HPRegen  0.08/turn              (no ring)
MPRegen  0.08/turn              (no ring)

@: no status effects
A: antennae 1
a: no special abilities


You escaped.
You were not hungry.

You visited 1 branch of the dungeon, and saw 1 of its levels.

You collected 18 gold pieces.

Inventory:

Hand Weapons
 a - a +0 long sword (weapon)
Armour
 b - a +0 scale mail (worn)
 c - a +0 shield (worn)
Scrolls
 e - a scroll of immolation {unknown}
 g - a scroll of random uselessness {unknown}
 h - a scroll of remove curse {unknown}
 j - 2 scrolls of fog {unknown}
Potions
 d - a potion of might
Comestibles
 f - 2 rations
 i - 3 chunks of flesh


   Skills:
 - Level 3.0 Fighting
 + Level 2.8 Long Blades
 - Level 2.6 Armour
 - Level 2.6 Shields


You had one spell level left.
You didn't know any spells.
Your spell library was empty.

Dungeon Overview and Level Annotations

Branches:
Dungeon (1/15)

Altars:


Innate Abilities, Weirdness & Mutations

You have a pair of small antennae on your head.


Message History

No target in view!
No target in view!
No target in view!
No target in view!
No target in view!
No target in view!
No target in view!
No target in view!
No target in view!
No target in view!
You see here a +0 club.
There is an open door here.
There is an open door here.
There is an open door here.
There is an open door here.
There is an open door here.
There is an open door here.
There is a staircase leading out of the dungeon here.
Are you sure you want to leave the Dungeon?
This will make you lose the game!
You have escaped!

#........#
#........#..
#........#.#
#######........#.#
#.....'........#.#
#.....#........#.#
#.....#........#.#
#.....#######'##.#
#.....#@'.#...##.#
#####'###'###.#.##
#...#..# ##.##
#...'(.# #.# .#
#...####
#.######## .#
##### ##.#.......
.# #.......# .#
#.......# # .# .#
#.......#


There were no monsters in sight!

Vanquished Creatures
  An ooze (D:1)
  3 bats (D:1)
  A giant cockroach (D:1)
  A goblin (D:1)
  3 hobgoblins (D:1)
  A frilled lizard (D:1)
  A kobold (D:1)
11 creatures vanquished.

Notes
Turn   | Place    | Note
-------+----------+-------------------------------------------
     0 | D:1      | Alarkh the Demonspawn Fighter began the quest for the Orb.
     0 | D:1      | Reached XP level 1. HP: 18/18 MP: 1/1
   140 | D:1      | Gained mutation: You have a pair of small antennae on your
                  | head. [demonic ancestry]
   140 | D:1      | Reached XP level 2. HP: 20/24 MP: 2/2
   225 | D:$      | Got out of the dungeon alive.

Levels and vault maps discovered:
D:1:      evilmike_arrival_fibonacci_small, layout_loops_ring, serial_forest,
          infiniplex_forest_lined_3, infiniplex_forest_clump_curved,
          infiniplex_forest_lined_room_, infiniplex_forest_lined_corner,
          infiniplex_forest_lined_room_3, infiniplex_forest_straight_4,
          infiniplex_forest_3_way, infiniplex_forest_end_3,
          infiniplex_forest_clump_tiny, infiniplex_forest_end_3,
          minmay_pentomino_x4

Skill      XL: |  1 |
---------------+----+-----
Long Blades    | 2 |  2.8
Fighting       | |  3.0
Armour         | |  2.6
Shields        | |  2.6

Action                   || total
-------------------------++-------
Melee: Long sword        ||    32
Armor: Scale mail        ||    27
Dodge: Dodged            ||    16
Block: Shield            ||    24
       Rpst.: Long sword ||     5

Table legend:
 A = Non-vault XP
 B = Vault XP
 C = Vault XP percentage of total XP
 D = Non-vault monster count
 E = Vault monster count
 F = Vault count percentage of total count
                 A         B        C        D         E       F
            +---------+---------+-------+---------+---------+-------
      Total |      17 |       7 |  29.2 |       7 |       4 |  36.4
            +---------+---------+-------+---------+---------+-------
        D:1 |      17 |       7 |  29.2 |       7 |       4 |  36.4
            +---------+---------+-------+---------+---------+-------
